Map: Ice and Chrome LE

Players

prospeKt - Winner!

  • Race: Zerg Zerg
  • League: Platinum
  • Spawn Location: 1:00

Metamorfo

  • Race: Protoss Protoss
  • League: Platinum
  • Spawn Location: 7:00

VOD

Have the link to the VOD?

Description

Time

  • Played on: June 12, 2020, 7:37 a.m.
  • Length: 16:07
Show
View Real Time Build Order
Export as new Build Order

prospeKt Zerg - Winner!

Build Orders: Hatch First, Lurkers, Roach Hydra 

Get SALT Encoding   

  12  0:01  Drone  
  13  0:12  Overlord  
  13  0:20  Drone  
  14  0:31  Drone x2  
  14  0:34  Drone  
  17  1:04  Hatchery  
  16  1:05  Drone  
  17  1:12  Spawning Pool  
  17  1:14  Drone  
  17  1:21  Drone  
  17  1:22  Drone  
  19  1:26  Extractor  
  19  1:28  Drone  
  19  1:39  Drone  
  20  1:49  Overlord  
  20  2:02  Drone  
  21  2:11  Drone  
  22  2:17  Queen, Drone  
  22  2:18  Queen  
  27  2:25  Drone  
  28  2:32  Drone  
  29  2:37  Drone  
  29  2:38  Zergling x2  
  29  2:43  Zergling x2  
  32  2:49  Drone  
  33  2:53  Queen  
  35  3:01  Drone  
  35  3:03  Overlord  
  36  3:16  Roach Warren  
  35  3:30  Hatchery  
  34  3:36  Drone x7  
  34  3:37  Overlord x3  
  41  3:45  Drone x2  
  41  3:46  Evolution Chamber  
  42  3:51  Extractor  
  42  3:52  Extractor  
  40  4:00  Roach  
  40  4:01  Roach x2  
  46  4:09  Overlord  
  46  4:11  Roach x3  
  46  4:15  Roach  
  54  4:18  Roach  
  56  4:35  Roach x2  
  56  4:36  Drone x3  
  63  4:42  Drone  
  64  5:04  Zerg Missile Weapons Level 1  
  64  5:06  Lair  
  64  5:09  Overlord  
  64  5:10  Drone x7  
  71  5:15  Roach  
  73  5:25  Drone  
  74  5:28  Drone x2  
  74  5:30  Overlord x2  
  76  5:37  Drone x6  
  82  5:52  Drone x4  
  82  5:54  Overlord  
  86  6:11  Drone x3  
  86  6:12  Drone x5  
  86  6:15  Extractor  
  86  6:17  Extractor, Overseer  
  92  6:19  Glial Reconstitution, Overseer  
  92  6:24  Hydralisk Den  
  91  6:26  Evolution Chamber  
  91  6:27  Roach x4  
  97  6:44  Drone  
  97  6:45  Drone x7  
  105  6:50  Hatchery  
  105  6:53  Infestation Pit  
  103  6:54  Grooved Spines  
  103  6:55  Drone  
  103  6:56  Drone  
  103  6:57  Overlord  
  103  6:58  Overlord x4  
  103  6:59  Zerg Ground Armor Level 1  
  105  7:13  Hatchery  
  105  7:14  Overlord  
  104  7:23  Drone x7  
  111  7:47  Drone x4  
  111  7:48  Drone x3  
  118  7:59  Hydralisk x3  
  124  8:06  Muscular Augments  
  124  8:14  Spine Crawler  
  124  8:18  Spine Crawler  
  122  8:21  Spine Crawler, Hydralisk x8  
  122  8:22  Spine Crawler  
  122  8:23  Zerg Missile Weapons Level 2  
  136  8:27  Spine Crawler  
  136  8:29  Lurker Den  
  136  8:31  Hydralisk x7  
  148  8:48  Extractor  
  148  8:49  Extractor  
  146  8:58  Hydralisk  
  146  8:59  Hydralisk x8  
  146  9:00  Overlord x3  
  146  9:01  Overlord x2  
  164  9:10  Overlord x2  
  164  9:11  Overlord  
  164  9:39  Hydralisk  
  164  9:40  Hydralisk x12  
  164  9:41  Hydralisk  
  192  9:51  Hydralisk x3  
  198  10:04  Hive  
  198  10:05  Hatchery  
  197  10:08  Hydralisk  
  199  10:14  Hatchery  
  199  10:20  Overseer x2  
  198  10:34  Drone  
  199  10:57  Spine Crawler  
  199  10:59  Spine Crawler, Lurker  
  199  11:00  Spine Crawler, Lurker x2  
  199  11:01  Spine Crawler, Lurker  
  199  11:02  Spine Crawler, Lurker  
  199  11:04  Spine Crawler, Lurker  
  181  11:32  Hydralisk  
  177  11:33  Hydralisk x16  
  164  11:59  Hydralisk  
  164  12:00  Hydralisk x11  
  188  12:02  Lurker  
  188  12:03  Lurker  
  188  12:08  Drone x9  
  199  12:32  Extractor  
  199  12:35  Extractor  
  197  12:38  Lurker x2  
  197  12:44  Lurker  
  197  12:45  Lurker  
  193  12:52  Lurker x5  
  198  13:02  Zerg Ground Armor Level 2  
  198  13:25  Adaptive Talons  
  198  13:35  Drone  
  187  14:19  Hydralisk x4  
  187  14:22  Seismic Spines  
  176  14:34  Hydralisk x11  
  176  14:35  Hydralisk x10  
  185  14:58  Hydralisk  
  185  14:59  Hydralisk x7  
  195  15:15  Hydralisk x2  
  195  15:17  Drone  
  192  15:39  Hydralisk x5  
  200  15:46  Hatchery  
  193  15:53  Hatchery  
Show
View Real Time Build Order
Export as new Build Order

Metamorfo Protoss 

Build Orders: Carriers, Colossus Rush 

Get SALT Encoding   

  12  0:01  Probe  
  13  0:18  Pylon  
  13  0:22  Probe  
  14  0:31  Probe  
  15  0:40  Probe  
  15  0:48  Gateway  
  16  0:54  Pylon  
  16  1:02  Probe  
  17  1:07  Gateway  
  17  1:17  Probe  
  18  1:20  Assimilator  
  18  1:38  Cybernetics Core  
  18  1:50  Probe  
  19  1:54  Assimilator  
  19  1:58  Probe  
  19  2:01  Nexus  
  20  2:08  Probe  
  21  2:20  Probe  
  22  2:28  Robotics Facility  
  22  2:33  Probe  
  23  2:44  Pylon  
  23  2:51  Pylon  
  23  2:55  Adept  
  23  3:02  Stalker, Probe  
  28  3:14  Pylon  
  28  3:17  Immortal  
  32  3:22  Probe  
  32  3:24  Probe  
  34  3:40  Probe x2  
  36  3:42  Shield Battery  
  36  3:55  Pylon, Warp Gate, Sentry  
  36  4:01  Pylon  
  36  4:02  Adept  
  40  4:12  Probe x2  
  42  4:24  Probe x2  
  42  4:28  Stalker  
  46  4:32  Adept  
  46  4:35  Probe  
  46  4:36  Probe  
  50  4:41  Assimilator  
  50  4:42  Robotics Bay, Assimilator  
  50  4:43  Probe  
  50  4:47  Phoenix  
  50  4:48  Probe  
  52  5:02  Gateway  
  52  5:04  Gateway  
  52  5:16  Pylon  
  52  5:19  Pylon  
  52  5:20  Probe x2  
  54  5:32  Probe  
  54  5:33  Colossus  
  55  5:35  Forge  
  55  5:37  Twilight Council  
  55  5:46  Extended Thermal Lance  
  55  5:47  Protoss Ground Weapons Level 1  
  61  5:50  Stalker x2  
  61  5:56  Probe x2  
  67  6:08  Probe x2  
  69  6:14  Pylon  
  69  6:16  Charge  
  69  6:20  Probe x2  
  69  6:21  Colossus  
  71  6:25  Pylon  
  71  6:32  Probe  
  78  6:57  Pylon  
  78  6:59  Nexus  
  78  7:03  Probe x2  
  78  7:04  Colossus  
  80  7:15  Probe x2  
  88  7:24  Phoenix  
  88  7:39  Gateway  
  88  7:41  Gateway  
  88  7:45  Stalker x2  
  88  7:46  Stalker  
  88  7:48  Immortal  
  98  8:01  Pylon  
  98  8:09  Colossus  
  98  8:17  Stalker x4  
  106  8:22  Pylon x2  
  106  8:33  Protoss Ground Weapons Level 2  
  112  8:35  Probe x3  
  112  8:40  Assimilator  
  115  8:41  Assimilator  
  115  8:47  Probe x3  
  118  8:49  Stalker x2  
  118  8:50  Stalker x2  
  126  8:58  Colossus  
  126  8:59  Probe x2  
  128  9:05  Probe  
  135  9:11  Probe x2  
  137  9:17  Blink, Probe  
  137  9:23  Probe x2  
  140  9:36  Pylon  
  140  9:37  Pylon  
  140  9:38  Pylon  
  140  9:43  Pylon  
  140  9:44  Pylon  
  140  9:48  Stargate  
  140  9:49  Stargate  
  140  9:55  Stalker x2  
  140  9:56  Stalker x3  
  140  9:57  Stalker, Observer  
  153  10:12  Phoenix  
  153  10:15  Observer  
  154  10:36  Fleet Beacon, Observer  
  154  10:37  Pylon  
  154  10:39  Nexus  
  154  10:41  Pylon  
  154  10:42  Pylon  
  155  10:48  Probe x2  
  155  10:49  Probe  
  158  10:53  Gravitic Drive  
  158  11:00  Probe x2  
  158  11:01  Probe  
  161  11:09  Observer  
  162  11:12  Probe  
  162  11:13  Probe  
  164  11:26  Stalker x3  
  164  11:27  Stalker x3  
  164  11:29  Gateway x2  
  164  11:30  Observer  
  164  11:31  Gateway  
  165  11:33  Gateway  
  165  11:35  Gateway  
  159  11:45  Carrier x2  
  159  11:52  Observer  
  162  12:09  Assimilator  
  162  12:10  Assimilator, Probe x4  
  166  12:22  Probe x3  
  169  12:27  Shield Battery  
  169  12:31  Carrier  
  169  12:32  Photon Cannon, Carrier, Shield Battery  
  169  12:34  Photon Cannon  
  169  12:35  Photon Cannon  
  169  12:37  Nexus, Photon Cannon  
  169  12:39  Pylon  
  169  12:40  Protoss Air Armor Level 1  
  169  12:46  Probe  
  169  12:47  Probe x3  
  185  12:58  Probe  
  186  13:13  Stargate  
  186  13:17  Probe x4  
  186  13:19  Stargate  
  190  13:24  Observer  
  190  13:29  Carrier  
  191  13:37  Photon Cannon  
  191  13:38  Photon Cannon  
  191  13:40  Photon Cannon  
  197  13:41  Photon Cannon  
  197  13:42  Observer, Shield Battery  
  197  13:44  Shield Battery  
  197  13:45  Shield Battery  
  198  13:52  Unknown  
  198  14:03  Observer  
  195  14:25  Observer  
  140  14:39  Carrier  
  146  15:10  Zealot  
  146  15:11  Zealot x5  
  146  15:12  Zealot x3  
  127  15:23  Dark Shrine  
  82  15:38  Zealot  
  82  15:39  Zealot x3  
  82  15:40  Zealot x4  
  82  15:41  Zealot  
Tags
 
Add a new tag
Caveats
  • Supply blocks, unpowered buildings, or Contaminate may cause inaccurate times.
  • Supply counts are checked every 10 seconds.